 Dungeon Crawl Stone Soup version 0.27-a0-1036-g8e1b44f6bd (webtiles) character file.

Game seed: 18256581537621458437

0 spiderkeys the Skirmisher (level 1, -4/18 HPs)
             Began as a Demonspawn Abyssal Knight on Apr 18, 2021.
             Was a Follower of Lugonu.
             Slain by a tentacled starspawn (21 damage)
             ... on level 1 of the Abyss.
             The game lasted 00:00:48 (281 turns).

spiderkeys the Skirmisher (DsAK)                     Turns: 281, Time: 00:00:49

Health: -4/18      AC:  3    Str: 12    XL:     1   Next: 0%
Magic:  2/2        EV: 11    Int: 13    God:    Lugonu [*.....]
Gold:   6          SH:  0    Dex: 12    Spells: 0/0 levels left

rFire    . . .     SeeInvis .   a - +1 spear
rCold    . . .     Faith    .   (no shield)
rNeg     . . .     Spirit   .   b - +0 leather armour
rPois    .         Reflect  .   (no helmet)
rElec    .         Harm     .   (no cloak)
rCorr    .         Rampage  .   (no gloves)
Will     .....                  (no boots)
Stlth    +.........             (no amulet)
HPRegen  0.06/turn              (no ring)
MPRegen  0.08/turn              (no ring)

@: no status effects
A: no striking features
a: Renounce Religion, Depart the Abyss


You were on level 1 of the Abyss.
You worshipped Lugonu.
Lugonu was aware of your devotion.
You visited 0 branches of the dungeon, and saw 0 of its levels.
You visited the Abyss 1 time.

You collected 6 gold pieces.


   Skills:
 + Level 3.0 Fighting
 + Level 1.7 Polearms
 + Level 1.7 Armour
 + Level 0.8 Dodging
 + Level 2.4 Invocations


You couldn't memorise any spells.
You didn't know any spells.
Your spell library was empty.

Inventory:

Hand Weapons
 a - a +1 spear (weapon)
Missiles
 c - 10 stones
Armour
 b - a +0 leather armour (worn)

Dungeon Overview and Level Annotations

Branches:
Dungeon (0/15)

Altars:

# ######
#.#####.#X@#
# #...
..#ww## ##
#...## ####
# .# #...
....# ##
..#.....# .
.###.#. ###
#.##. ## #
.# ##.. #.#
# # #


You could see a tentacled starspawn and 2 starspawn tentacles.


Message History

🤖 Initializing magus.rc ... ✅ Successfully initialized magus.rc [v1.9.10] Welcome, spiderkeys the Demonspawn Abyssal Knight.
It is said that the Orb of Zot exists deep within this dungeon.
Lugonu says: Depart the Abyss and spread corruption, my servant! (use the ability menu to exit the Abyss) Press ? for a list of commands and other information.
Found a corrupted altar of Lugonu.
Found a gateway leading out of the Abyss.
You are suddenly pulled into a different region of the Abyss!
You now have 6 gold pieces.
Found a sacrificial altar of Ru.
c - 10 stones
There is a sacrificial altar of Ru here.
Found a corrupted altar of Lugonu.
You are suddenly pulled into a different region of the Abyss!
A tentacled starspawn comes into view.
Tentacles burst from the starspawn's body! 2 starspawn tentacles come into view.
Unknown command.
A tentacle flies out from the starspawn's body!
A starspawn tentacle comes into view.
A tentacle flies out from the starspawn's body!
The starspawn tentacle grabs you. The starspawn tentacle constricts you.
A starspawn tentacle comes into view. 😕 HP[-2]
You take 2 damage, and now have 16/18 hp.
You escape the starspawn tentacle's grasp. 😕 HP[+1]
A tentacle flies out from the starspawn's body!
A starspawn tentacle comes into view.
Tentacles burst from the starspawn's body! 2 starspawn tentacles come into view.
The tentacled starspawn bites you!!
Ouch! That really hurt!
You die...

Levels and vault maps discovered:
Abyss:1:  base: Temple, base:
Temple

Notes
Turn   | Place    | Note
-------+----------+-------------------------------------------
     0 | Abyss:1  | spiderkeys the Demonspawn Abyssal Knight began the quest
                  | for the Orb.
     0 | Abyss:1  | Reached XP level 1. HP: 18/18 MP: 2/2
     0 | Abyss:1  | magus.rc [v1.9.10]
    24 | Abyss:1  | Found a corrupted altar of Lugonu.
    95 | Abyss:1  | Found a corrupted altar of Lugonu.
   144 | Abyss:1  | Found a sacrificial altar of Ru.
   165 | Abyss:1  | Found a corrupted altar of Lugonu.
   227 | Abyss:1  | Noticed a tentacled starspawn
   281 | Abyss:1  | Slain by a tentacled starspawn

Vanquished Creatures (others)
  7 starspawn tentacles (Abyss:1)
7 creatures vanquished.

Table legend:
 A = Non-vault XP
 B = Vault XP
 C = Vault XP percentage of total XP
 D = Non-vault monster count
 E = Vault monster count
 F = Vault count percentage of total count
                 A         B        C        D         E       F
            +---------+---------+-------+---------+---------+-------
      Total |       0 |       0 |   N/A |       0 |       0 |  -nan
            +---------+---------+-------+---------+---------+-------
            +---------+---------+-------+---------+---------+-------

Illustrated notes

Table legend: (Time is in decaauts)
 A = Elapsed time spent in this place.
 B = Non-inter-level travel time spent in this place.
 C = Inter-level travel time spent in this place.
 D = Time resting spent in this place.
 E = Time spent auto-exploring this place.
 F = Levels seen in this place.
 G = Mean time per level.
                   A        B        C        D        E       F      G
               +--------+--------+--------+--------+--------+-----+--------+
         Total |    281 |    281 |      0 |      0 |    180 |   1 |  281.0 |
         Abyss |    281 |    281 |      0 |      0 |    180 |   1 |  281.0 |
               +--------+--------+--------+--------+--------+-----+--------+

Top non-repeatable levels by time:
 Abyss:1: 281 daAuts
